 Dungeon Crawl Stone Soup version 0.25-a0-42-g6c54e25894 (webtiles) character file.

Game seed: 12819051211894543140, levelgen mode: deterministic

62 Arixos the Skirmisher (level 3, -2/30 HPs)
             Began as a Mummy Monk on Oct 22, 2019.
             Slain by Sigmund
             ... wielding a +0 scythe
              (4 damage)
             ... on level 2 of the Dungeon.
             The game lasted 00:03:30 (1820 turns).

Arixos the Skirmisher (Mummy Monk)                  Turns: 1820, Time: 00:03:31

Health: -2/30      AC:  2    Str: 15    XL:     3   Next: 85%
Magic:  3/3        EV: 13    Int:  9    God:
Gold:   107        SH:  0    Dex: 14    Spells: 2/2 levels left

rFire    x . .     SeeInvis .   a - +0 falchion
rCold    + + .     Gourm    .   (no shield)
rNeg     + + +     Faith    .   b - +0 robe
rPois    ∞         Spirit   .   (no helmet)
rElec    .         Reflect  .   (no cloak)
rCorr    .         Harm     .   (no gloves)
MR       .....                  (no boots)
Stlth    ++........             (no amulet)
HPRegen  0.10/turn              f - ring of protection from cold
MPRegen  0.08/turn              (no ring)

@: no status effects
A: no food or potions, fire vulnerability, cold resistance 1, negative energy
resistance 3, torment resistance, unbreathing
a: no special abilities


You were on level 2 of the Dungeon.
You were not hungry.

You visited 1 branch of the dungeon, and saw 2 of its levels.

You collected 107 gold pieces.

Inventory:

Hand Weapons
 a - a +0 falchion (weapon)
Armour
 b - a +0 robe (worn)
Jewellery
 f - a ring of protection from cold (left hand)
Scrolls
 c - a scroll of random uselessness {unknown}
 d - 3 scrolls of teleportation {unknown}
 e - a scroll of enchant armour {unknown}
 g - a scroll of remove curse {unknown}


   Skills:
 + Level 3.7 Fighting
 - Level 2.4 Long Blades
 + Level 1.4 Armour
 + Level 3.0 Dodging
 - Level 1.5 Stealth


You had 2 spell levels left.
You didn't know any spells.
Your spell library was empty.

Dungeon Overview and Level Annotations

Branches:
Dungeon (2/15)

Altars:

Annotations:
D:2 Sigmund


Innate Abilities, Weirdness & Mutations

You do not eat or drink.
Your flesh is vulnerable to fire.
You are immune to poison.
Your flesh is cold resistant. (rC+)
You are immune to negative energy. (rN+++)
You are immune to unholy pain and torment.
You can survive without breathing.


Message History

Sigmund is moderately wounded.
Sigmund misses you.
You riposte.
You hit Sigmund.
Sigmund is heavily wounded.
You closely miss Sigmund.
Sigmund is heavily wounded.
Sigmund barely misses you.
You hit Sigmund.
Sigmund is severely wounded.
Sigmund hits you with a +0 scythe!
* * * LOW HITPOINT WARNING * * *
You hit Sigmund.
Sigmund is severely wounded.
You barely miss Sigmund.
Sigmund is severely wounded.
Sigmund mumbles some strange words.
Sigmund flickers and vanishes!
Deactivating autopickup; reactivate with Ctrl-A.
Something barely misses you. Something hits you.
You die...

. #.########### ............##
........###..#####
........####.....######
#####..........{##.........#####
#...#........##...........(.....
#..............@........!.......
##..<................)......#####
.............>####..........#####
....##........# ##............#.
..### #####.... .#.......†.....†
#..## #.## ............##..
##..## #. ##.........####. ......
........†..# #. #.$.....
.###.#.#### #.


There were no monsters in sight!

Vanquished Creatures
  An adder (D:2)
  2 worms (D:2)
  3 leopard geckos
  A ball python (D:1)
  2 giant cockroaches
  4 goblins (D:1)
  6 hobgoblins (D:1)
  4 jackals (D:1)
  3 bats
  4 frilled lizards
  8 kobolds
  5 rats (D:1)
43 creatures vanquished.

Notes
Turn   | Place    | Note
-------+----------+-------------------------------------------
     0 | D:1      | Arixos the Mummy Monk began the quest for the Orb.
     0 | D:1      | Reached XP level 1. HP: 18/18 MP: 1/1
   120 | D:1      | You fall into a shaft and drop 1 floor!
   127 | D:2      | Reached XP level 2. HP: 22/24 MP: 2/2
   329 | D:1      | Reached skill level 1 in Armour
   762 | D:1      | Reached XP level 3. HP: 20/29 MP: 3/3
  1808 | D:2      | Noticed Sigmund
  1816 | D:2      | HP: 1/30 [Sigmund/+0 scythe (14)]
  1820 | D:2      | Slain by Sigmund

Levels and vault maps discovered:
D:1:      onia_arrival_mini_maze_b, layout_basic, serial_forest,
          infiniplex_forest_lined_2, infiniplex_forest_end_2,
          infiniplex_forest_lined_3_way, infiniplex_forest_zigzag_2,
          infiniplex_forest_split, infiniplex_forest_corner_1,
          infiniplex_forest_end_2, chequers_serial_rivers_marsh
D:2:      layout_rooms, uniq_sigmund

Skill      XL: |  1  2  3 |
---------------+----------+-----
Armour         | 1 |  1.4
Dodging        | 3 |  3.0
Fighting       | |  3.7
Long Blades    | |  2.4
Stealth        | |  1.5

Action                   || total
-------------------------++-------
Melee: Falchion          ||   143
 Stab: Sleeping          ||     5
Armor: Robe              ||    18
Dodge: Dodged            ||   108
       Rpst.: Falchion   ||    33

Table legend:
 A = Non-vault XP
 B = Vault XP
 C = Vault XP percentage of total XP
 D = Non-vault monster count
 E = Vault monster count
 F = Vault count percentage of total count
                 A         B        C        D         E       F
            +---------+---------+-------+---------+---------+-------
      Total |      89 |       0 |   0.0 |      43 |       0 |   0.0
            +---------+---------+-------+---------+---------+-------
        D:1 |      53 |       0 |   0.0 |      32 |       0 |   0.0
        D:2 |      36 |       0 |   0.0 |      11 |       0 |   0.0
            +---------+---------+-------+---------+---------+-------
